cohdb
Replays
Latest Replays
All Replays
Popular Replays
Top Player Replays
Match Explorer
How It Works
Community
CoH3 Stats
Reddit
Sign in to upload your games and track your stats! →
Sign in with Steam
Match 42662064
Unlisted
Match 42662064
Overview
Messages
Build Orders
End
Kettenkrad Recon Vehicle
Construct Infanterie Kompanie
MG 42 Machine Gun Team
GrW 34 Mortar Team
GrW 34 Mortar Team
Infanterie Officer Quarters
Grenadier Squad
Construct Luftwaffe Kompanie
Selects Terror Battlegroup
Selects Machine Gun Camouflage
Flak 30 Anti-aircraft Gun Team
Lobby Lobster
UltraChaos
AllGoodNamesTaken
-{CAA}- Nescafee
-{CAA}- Akvavi
Fredsch
0
0
Comments
sign in to comment!
No comments posted yet!